 Dungeon Crawl Stone Soup version 0.28-b1-1-g3c77fb2ed1 (webtiles) character file.

Game seed: 12752125710616288623

121 zeram the Chopper (level 5, -3/47 HPs)
             Began as a Hill Orc Fighter on Jan 29, 2022.
             Slain by a phantom (5 damage)
             ... on level 7 of the Dungeon.
             The game lasted 00:03:50 (2625 turns).

zeram the Chopper (Hill Orc Fighter)                Turns: 2625, Time: 00:03:51

Health: -3/47      AC:  9    Str: 21    XL:     5   Next: 5%
Magic:  5/5        EV:  9    Int:  8    God:
Gold:   79         SH:  5    Dex: 10    Spells: 4/4 levels left

rFire   . . .      SeeInvis .   a - +0 war axe
rCold   . . .      Faith    .   c - +1 buckler
rNeg    . . .      Spirit   .   b - +0 scale mail
rPois   .          Reflect  .   (no helmet)
rElec   .          Harm     .   f - +1 cloak
rCorr   .          Rampage  .   (no gloves)
Will    .....                   (no boots)
Stlth   ..........              (no amulet)
HPRegen 0.15/turn               (no ring)
MPRegen 0.09/turn               (no ring)

@: no status effects
A: no striking features
a: no special abilities


You were on level 7 of the Dungeon.
You visited 1 branch of the dungeon, and saw 5 of its levels.

You collected 79 gold pieces.

Inventory:

Hand Weapons
 a - a +0 war axe (weapon)
Armour
 b - a +0 scale mail (worn)
 c - a +1 buckler (worn)
 f - a +1 cloak (worn)
 g - a +0 cloak
Wands
 d - a wand of flame (13)
 i - a wand of polymorph (2)
Potions
 e - 2 potions of flight


   Skills:
 + Level 4.3 Fighting
 + Level 4.4 Axes
 + Level 4.3 Armour
 + Level 0.4 Dodging
 + Level 3.7 Shields


You had 4 spell levels left.
You didn't know any spells.
Your spell library was empty.

Dungeon Overview and Level Annotations

Branches:
Dungeon (4/15)
 Temple: D:4-7

Altars:
Wu Jian


Message History

The phantom is heavily damaged.
You hit the phantom but do no damage.
The phantom hits you but does no damage.
The phantom barely misses you. You block the phantom's attack.
You barely miss the phantom.
The phantom is heavily damaged.
You barely miss the phantom. The phantom hits you.
The phantom completely misses you. The phantom hits you.
The phantom blinks!
You blink.
You barely miss the phantom.
The phantom is severely damaged.
You block the phantom's attack.
Okay, then.
You completely miss the phantom.
The phantom is severely damaged.
You closely miss the phantom. The phantom hits you!
* * * LOW HITPOINT WARNING * * *
The phantom blinks!
You blink.
The phantom hits you.
* * * LOW HITPOINT WARNING * * *
Unknown command.
You hit the phantom.
The phantom is heavily damaged.
The phantom hits you.
* * * LOW HITPOINT WARNING * * *
The phantom blinks!
You blink.
Unknown command.
You barely miss the phantom.
The phantom is heavily damaged.
The phantom hits you but does no damage.
You hit the phantom.
The phantom is severely damaged.
The phantom hits you.
* * * LOW HITPOINT WARNING * * *
You hit the phantom but do no damage.
The phantom is severely damaged.
You block the phantom's attack. The phantom barely misses you.
You hit the phantom.
The phantom is severely damaged.
The phantom hits you.
You die...

###########
######.........#
........>.W.@?..#
####.......W....#
#####.....########
#....?....#
##(.....# #.§§...#
##.....# #...§.#
#.###.#


You could see 2 phantoms.

Vanquished Creatures
  An orc wizard (D:2)
  3 adders
  2 worms
  3 orcs (D:2)
  2 endoplasms
  A giant cockroach (D:1)
  4 goblins
  5 hobgoblins
  5 jackals (D:2)
  3 quokkas
  5 ball pythons
  10 bats
  8 kobolds
  4 rats
56 creatures vanquished.

Notes
Turn   | Place    | Note
-------+----------+-------------------------------------------
     0 | D:1      | zeram the Hill Orc Fighter began the quest for the Orb.
     0 | D:1      | Reached XP level 1. HP: 19/19 MP: 1/1
   112 | D:1      | Reached XP level 2. HP: 11/27 MP: 2/2
   722 | D:2      | Reached XP level 3. HP: 19/33 MP: 3/3
   936 | D:2      | Found an ornate altar of the Wu Jian Council.
  1151 | D:2      | Found a faded altar of an unknown god.
  1367 | D:2      | Reached XP level 4. HP: 38/40 MP: 4/4
  2204 | D:3      | Reached XP level 5. HP: 47/47 MP: 5/5
  2601 | D:4      | Noticed a necrophage
  2601 | D:4      | You fall into a shaft and drop 3 floors!
  2601 | D:7      | Noticed a phantom
  2601 | D:7      | Noticed a phantom
  2623 | D:7      | HP: 2/47 [phantom (6)]
  2625 | D:7      | Slain by a phantom

Illustrated notes

Levels and vault maps discovered:
D:1:      dpeg_arrival_shrine, layout_rooms, hangedman_decor_slide_cut,
          item_on_display_a
D:2:      layout_loops_ring, basic_altar, ebering_ecumenical_altar_webs,
          minmay_misc_feat_hallway
D:3:      layout_loops_ring, serial_park_tiny_pond
D:4:      black_bear_nest_2, layout_loops_corners, grunt_dithmenos_smoke,
          uniq_robin, uniq_grinder
D:7:      layout_basic, jmf_multi_god_temple, lemuel_temple_firewalk_b,
          serial_shops, nicolae_shop_trees, roderic_serpentine_path,
          corner_web_ring

Skill      XL: |  1  2  3  4 |
---------------+-------------+-----
Axes           | 3 4 |  4.4
Fighting       | 4 |  4.3
Armour         | 4 |  4.3
Dodging        | |  0.4
Shields        | |  3.7

Action                   |  1- 3 |  4- 6 || total
-------------------------+-------+-------++-------
Melee: War axe           |   104 |    71 ||   175
  Use: Scroll            |     1 |     5 ||     6
       Potion            |     1 |     1 ||     2
Armor: Scale mail        |    43 |    36 ||    79
Dodge: Dodged            |    44 |    32 ||    76
Block: Buckler           |    34 |    20 ||    54
